Map: Proxima Station LE

Players

hinO

  • Race: Zerg Zerg
  • Spawn Location: 7:00

losira - Winner!

  • Race: Zerg Zerg
  • Spawn Location: 1:00

Event: IEM XI Katowice - World Championship 2017

VOD

Have the link to the VOD?

Description

Time

  • Played on: Feb. 28, 2017, 4:02 a.m.
  • Length: 5:04

All games in this series

Show
View Real Time Build Order
Export as new Build Order

hinO Zerg 

Build Orders: Pool Only, Zergling Baneling 

Get SALT Encoding   

  12  0:00  Drone  
  13  0:21  Spawning Pool  
  13  0:25  Drone  
  13  0:30  Drone  
  13  0:33  Extractor  
  13  0:36  Drone  
  14  0:45  Overlord  
  14  1:08  Zergling x4  
  14  1:09  Zergling x2  
  17  1:11  Queen  
  19  1:19  Zergling x2  
  20  1:32  Metabolic Boost  
  20  1:33  Zergling x2  
  21  1:41  Zergling x2  
  22  1:53  Zergling x2, Baneling Nest  
  22  2:02  Overlord  
  23  2:22  Zergling x2  
  23  2:23  Zergling x6  
  26  2:31  Zergling x2  
  27  2:37  Baneling x2  
  27  2:41  Zergling x2  
  27  2:43  Baneling x2  
  28  2:50  Zergling x4  
  30  2:56  Baneling  
  30  2:59  Baneling x2  
  29  3:07  Baneling  
  28  3:16  Baneling  
  27  3:23  Baneling  
  22  3:28  Zergling x8  
  22  3:37  Zergling x4  
  22  3:44  Zergling x2  
  22  3:51  Zergling x2  
  23  4:02  Zergling x2  
  24  4:05  Baneling x2  
  24  4:07  Zergling x4  
  25  4:13  Baneling x2  
  25  4:14  Baneling  
  23  4:21  Baneling  
  23  4:22  Zergling x2  
  24  4:30  Baneling  
  22  4:32  Zergling x2  
  23  4:41  Zergling x2  
  23  4:42  Zergling x2  
  22  4:47  Baneling  
Show
View Real Time Build Order
Export as new Build Order

losira Zerg - Winner!

Build Orders: Hatch First, Zergling Baneling 

Get SALT Encoding   

  12  0:00  Drone  
  13  0:08  Drone  
  14  0:15  Extractor, Drone  
  15  0:21  Overlord  
  15  0:45  Hatchery  
  15  0:48  Drone  
  15  0:51  Drone  
  15  0:55  Drone  
  17  1:00  Drone  
  18  1:11  Extractor  
  18  1:15  Spawning Pool  
  17  1:18  Drone  
  17  1:22  Drone  
  18  1:31  Drone  
  19  1:42  Drone  
  20  2:02  Zergling x4  
  20  2:05  Queen, Baneling Nest  
  20  2:06  Zergling x2  
  20  2:08  Spine Crawler, Zergling x2  
  24  2:14  Zergling x2  
  25  2:20  Zergling x2  
  26  2:26  Zergling x2  
  27  2:30  Zergling x2  
  28  2:37  Overlord  
  29  2:48  Baneling x2  
  29  2:50  Baneling x3  
  29  2:53  Baneling  
  29  2:55  Queen  
  30  3:06  Baneling  
  30  3:07  Drone  
  31  3:14  Baneling  
  31  3:15  Zergling x2  
  31  3:17  Drone  
  31  3:18  Drone x2  
  31  3:19  Drone  
  32  3:22  Drone x2  
  32  3:30  Queen  
  34  3:34  Zergling x2  
  34  3:37  Baneling x2  
  34  3:41  Zergling x2  
  35  3:51  Roach Warren  
  35  3:52  Drone  
  35  3:55  Baneling x2  
  35  4:06  Overlord  
  35  4:13  Drone  
  35  4:16  Overlord  
  36  4:20  Overlord  
  36  4:24  Overlord  
  36  4:27  Overlord  
  35  4:33  Roach x3  
  36  4:46  Drone  
  36  4:52  Drone  

Tags
 
Add a new tag
Caveats
  • Supply blocks, unpowered buildings, or Contaminate may cause inaccurate times.
  • Supply counts are checked every 10 seconds.